Map: Orbital Shipyard

Players

bozo

  • Race: Terran Terran
  • League: Diamond

LilDicky - Winner!

  • Race: Terran Terran
  • League: Diamond

VOD

http://www.twitch.tv/tumescentpie

Description

Time

  • Played on: Dec. 26, 2015, 9:16 p.m.
  • Length: 5:04
Show
View Real Time Build Order
Export as new Build Order

bozo Terran 

Build Orders: Reaper Expand 

Get SALT Encoding   

  12  0:04  SCV  
  13  0:16  SCV  
  13  0:21  Supply Depot  
  15  0:28  SCV  
  16  0:42  SCV  
  16  0:45  Barracks  
  16  0:47  Refinery  
  16  0:54  SCV  
  17  1:07  SCV  
  18  1:29  Refinery  
  18  1:33  Orbital Command  
  18  1:34  Reaper  
  19  1:56  Supply Depot  
  19  2:04  SCV  
  19  2:07  Command Center  
  19  2:17  Barracks Reactor  
  19  2:20  Factory  
  20  2:22  SCV  
  20  2:35  SCV  
  20  2:47  SCV  
  20  2:50  Engineering Bay  
  21  2:55  Marine x2  
  23  2:59  SCV  
  23  3:04  Factory Tech Lab, Starport  
  24  3:11  SCV  
  25  3:19  Marine x2  
  27  3:23  SCV  
  28  3:33  Cyclone  
  31  3:37  Orbital Command  
  31  3:41  Marine  
  33  3:50  Missile Turret  
  33  3:53  Missile Turret  
  32  3:58  Starport Tech Lab  
  32  4:00  SCV  
  33  4:03  SCV  
  33  4:09  Marine x2  
  35  4:13  SCV  
  37  4:23  Factory Reactor  
  37  4:27  SCV x2  
  42  4:34  Marine x2  
  44  4:39  SCV  
  45  4:47  Barracks  
Show
View Real Time Build Order
Export as new Build Order

LilDicky Terran - Winner!

Build Orders: Liberator Opening 

Get SALT Encoding   

  12  0:01  SCV  
  13  0:13  SCV  
  14  0:21  Supply Depot  
  14  0:25  SCV  
  15  0:29  Refinery  
  15  0:43  SCV  
  15  0:46  Barracks  
  16  0:55  SCV  
  17  1:07  SCV  
  18  1:19  SCV  
  18  1:23  Refinery  
  19  1:31  SCV  
  20  1:34  Marine  
  20  1:36  Supply Depot  
  21  1:48  Orbital Command  
  21  1:51  Factory  
  21  1:54  Marine  
  22  2:12  Marine  
  22  2:13  SCV  
  24  2:25  SCV  
  25  2:30  Marine  
  25  2:35  Factory Tech Lab  
  26  2:37  Starport  
  26  2:48  SCV, Marine  
  28  2:58  Siege Tank  
  31  3:04  Liberator  
  31  3:05  Supply Depot  
  31  3:15  Supply Depot  
  31  3:21  Marine  
  31  3:22  SCV  
  36  3:34  SCV  
  37  3:35  Supply Depot  
  37  3:36  Siege Tank  
  40  3:42  Engineering Bay  
  40  3:46  SCV  
  41  3:51  Marine  
  42  3:58  SCV  
  43  4:04  Viking  
  45  4:10  SCV  
  45  4:12  Marine  
  45  4:14  Missile Turret  
  45  4:17  Siege Tank  
  50  4:22  SCV  
  51  4:29  Supply Depot  
  51  4:30  Marine  
  52  4:34  SCV  
Tags
 
Add a new tag
Caveats
  • Supply blocks, unpowered buildings, or Contaminate may cause inaccurate times.
  • Supply counts are checked every 10 seconds.